 Dungeon Crawl Stone Soup version 0.17-a0-1596-g1e86911 (webtiles) character file.

79 volk64 the Covered (level 4, 0/32 HPs)
             Began as a Hill Orc Fighter on July 30, 2015.
             Slain by a gnoll
             ... wielding a +0 spear
              (10 damage)
             ... on level 3 of the Dungeon.
             The game lasted 00:06:23 (1290 turns).

volk64 the Covered (Hill Orc Fighter)               Turns: 1290, Time: 00:06:24

Health: 0/32       AC:  7    Str: 18 (19) XL:     4   Next: 38%
Magic:  4/4        EV:  7    Int:  7 (8)  God:
Gold:   88         SH:  9    Dex: 10      Spells: 0 memorised, 3 levels left

rFire  . . .     SeeInvis .     r - +1 short sword (freeze)
rCold  . . .     Clarity  .     b - +0 scale mail
rNeg   . . .     SustAt   .     c - +0 shield
rPois  .         Gourm    .     (no helmet)
rElec  .         Spirit   .     (no cloak)
rCorr  .         Warding  .     (no gloves)
rMut   .         Stasis   .     (no boots)
MR     .....                    (no amulet)
Stlth  ..........               (no ring)
                                (no ring)

@: not resistant to hostile enchantments, extremely unstealthy
A: deterioration 1, frail 2
a: no special abilities


You were on level 3 of the Dungeon.
You were not hungry.

You visited 1 branch of the dungeon, and saw 3 of its levels.

You collected 88 gold pieces.

Inventory:

Hand weapons
 a - a +1 war axe
 q - a +2 vampiric whip
 r - a +1 short sword of freezing (weapon)
Armour
 b - a +0 scale mail (worn)
 c - a +0 shield (worn)
Magical devices
 t - a wand of polymorph (5)
Scrolls
 h - a scroll of noise
 i - 3 scrolls of remove curse {unknown}
 l - 2 scrolls of enchant weapon
 m - a scroll of fog {unknown}
 n - a scroll of random uselessness {unknown}
 o - a scroll of immolation
 s - a scroll of identify
 u - 3 scrolls of amnesia
 v - a scroll of teleportation
Potions
 d - a potion of might
Comestibles
 e - 2 bread rations
 f - a royal jelly
 g - a chunk of flesh
 j - 4 meat rations
 k - a beef jerky


   Skills:
 + Level 3.9 Fighting
 + Level 0.2 Short Blades
 + Level 3.2 Axes
 + Level 4.1 Armour
 + Level 1.0 Dodging
 + Level 4.0 Shields


You had 3 spell levels left.
You didn't know any spells.

Dungeon Overview and Level Annotations

Branches:
Dungeon (3/15)

Altars:


Innate Abilities, Weirdness & Mutations

Your body sometimes deteriorates upon taking damage.
You are very frail (-20% HP).


Message History

You barely miss the gnoll.
The gnoll is severely wounded.
You block the gnoll's attack.
The gnoll hits you from afar with a spear!
You hit the gnoll. You freeze the gnoll.
You kill the gnoll!
Your Dodging skill increases to level 1!
You block the gnoll's attack.
You hit the gnoll. You freeze the gnoll.
The gnoll is moderately wounded.
The gnoll misses you. The gnoll hits you but does no damage.
You hit the gnoll. You freeze the gnoll.
The gnoll is severely wounded.
You block the gnoll's attack.
The gnoll hits you from afar with a spear.
You hit the gnoll. You freeze the gnoll.
The gnoll is severely wounded.
The gnoll hits you with a club.
The gnoll hits you from afar with a spear!
You die...

#.# #. #.# #. #.# #.#
#(# #.####.### ##
#........# ..#
..#.##........# ...#
#.#.##........#....##
#.#.##.......@.......
...##........gg.....
#####..##........#....##
.......##........#....#
#####..##........# .....
.................# ....#
........#.#####.... .#..
#.......#.# #..## .###
..........# .#


You could see 2 gnolls.

Vanquished Creatures
  2 gnolls
  An adder (D:2)
  A worm (D:2)
  A giant gecko (D:2)
  A ball python (D:1)
  6 bats
  5 goblins
  7 hobgoblins
  2 jackals (D:2)
  6 kobolds
  A quokka (D:2)
  4 giant cockroaches
  6 giant newts
  4 rats
47 creatures vanquished.

Notes
Turn   | Place    | Note
--------------------------------------------------------------
     0 | D:1      | volk64 the Hill Orc Fighter began the quest for the Orb.
     0 | D:1      | Reached XP level 1. HP: 19/19 MP: 1/1
   137 | D:1      | Reached XP level 2. HP: 27/27 MP: 2/2
   479 | D:1      | Reached XP level 3. HP: 18/33 MP: 3/3
   792 | D:2      | Reached skill level 4 in Armour
   818 | D:2      | Reached XP level 4. HP: 30/40 MP: 4/4
   998 | D:2      | Gained mutation: You are frail (-10% HP). [potion of mutation]
   998 | D:2      | Gained mutation: Your body sometimes deteriorates upon taking damage. [potion of mutation]
   998 | D:2      | Gained mutation: You are very frail (-20% HP). [potion of mutation]
  1287 | D:3      | Reached skill level 1 in Dodging
  1290 | D:3      | Slain by a gnoll

Vault maps used:
D:1:      eino_arrival_druids_welcome, minmay_quantized
D:3:      okawaru_metal_pillars_3, uniq_grinder

Action                   |  1- 3 |  4- 6 || total
-------------------------+-------+-------++-------
Melee: War axe           |    65 |       ||    65
       Short sword       |    32 |    38 ||    70
  Use: Scroll            |     4 |     2 ||     6
       Potion            |       |     6 ||     6
  Eat: Chunk             |       |     1 ||     1
